 Dungeon Crawl Stone Soup version 0.30-a0-172-gc5509c9e31 (webtiles) character file.

Game seed: 6652784726596282437

218 qw the Chucker (level 5, -1/32 HPs)
             Began as a Gargoyle Fighter on Oct 1, 2022.
             Slain by Ijyb
             ... wielding a +0 club
              (4 damage)
             ... on level 3 of the Dungeon.
             The game lasted 00:01:12 (1437 turns).

qw the Chucker (Gargoyle Fighter)                   Turns: 1437, Time: 00:01:12

Health: -1/32      AC:  0    Str: 22    XL:     5   Next: 95%
Magic:  5/5        EV: 13    Int:  8    God:
Gold:   36         SH:  0    Dex:  9    Spells: 4/4 levels left

rFire   . . .      SeeInvis .    (weapon currently unavailable)
rCold   . . .      Faith    .    (shield currently unavailable)
rNeg    + . .      Spirit   .    (body armour currently unavailable)
rPois   inf        Reflect  .    (helmet currently unavailable)
rElec   .          Harm     .    (cloak currently unavailable)
rCorr   .          Rampage  .    (gloves currently unavailable)
Will    .....                    (boots currently unavailable)
Stlth   +.........               (no amulet)
HPRegen 0.25/turn                (ring currently unavailable)
MPRegen 0.09/turn                (ring currently unavailable)

@: pig-form, very quick
A: fast, no casting, sickness immunity, AC +4, small, negative energy resistance
1, (electricity resistance), torment resistance 1, petrification resistance
a: no special abilities


You were on level 3 of the Dungeon.
You were a filthy swine.
You visited 1 branch of the dungeon, and saw 3 of its levels.

You collected 108 gold pieces.
You spent 72 gold pieces at shops.


Innate Abilities, Weirdness & Mutations

You are a filthy swine.
You move quickly.
Your equipment is almost entirely melded.
You are incapable of wielding weapons or throwing items.
You cannot cast spells.
You are immune to sickness and miasma.
((Your stone body is resilient. (AC +4)))
You are immune to poison.
You resist negative energy. (rN+)
((You are resistant to electric shocks. (rElec)))
You are resistant to unholy torment.
You are immune to petrification.


   Skills:
 - Level 3.2 Fighting
 + Level 3.4 Axes
 - Level 3.9 Throwing
 - Level 3.2 Armour
 - Level 3.2 Shields


You had 4 spell levels left.
You didn't know any spells.
Your spell library was empty.

Inventory:

Hand Weapons
 i - a +0 whip
 Y - a +0 war axe (melded)
Missiles
 e - 2 javelins
 m - 5 boomerangs
Armour
 c - a +0 buckler (melded)
 f - a +0 plate armour (melded)
Jewellery
 j - a ring of protection from fire (melded)
Scrolls
 b - a scroll of identify
Potions
 a - 2 potions of curing
 d - 2 potions of might
 g - a potion of lignification
 h - a potion of heal wounds {unknown}
 k - a potion of mutation {unknown}
 l - a potion of ambrosia {unknown}
 n - a potion of haste

Dungeon Overview and Level Annotations

Branches:
Dungeon (3/15)

Altars:

Shops:
D:2 !

Annotations:
D:3 Ijyb


Message History

You hit Ijyb but do no damage. Ijyb closely misses you.
You hit Ijyb but do no damage. Ijyb hits you with a +0 club.
You hit Ijyb but do no damage.
Your transformation is almost over.
Ijyb closely misses you.
You hit Ijyb but do no damage. Ijyb hits you with a +0 club.
You hit Ijyb but do no damage. You hit Ijyb but do no damage. Ijyb misses you.
You hit Ijyb but do no damage. Ijyb barely misses you.
You barely miss Ijyb. Ijyb hits you with a +0 club.
You hit Ijyb but do no damage. Ijyb hits you with a +0 club.
You hit Ijyb but do no damage. Ijyb hits you with a +0 club.
You completely miss Ijyb. Ijyb barely misses you.
You hit Ijyb but do no damage.
You feel less batty.
Your +0 war axe unmelds from your body.
Your +0 buckler unmelds from your body.
Your +0 plate armour unmelds from your body.
Your ring of protection from fire unmelds from your body.
Ijyb zaps a wand.
You turn into a filthy swine.
Your +0 war axe melds into your body.
Your +0 buckler melds into your body.
Your +0 plate armour melds into your body.
Your ring of protection from fire melds into your body.
You hit Ijyb but do no damage. Ijyb misses you.
You hit Ijyb.
Ijyb is lightly wounded.
Ijyb closely misses you.
You barely miss Ijyb.
Ijyb is lightly wounded.
Ijyb hits you with a +0 club.
You die...

##.. ## .... ##..
..... #...####.(PPPP
#...g........
#....h##..#
$...####....# #.# #
####..[#.# #.#
#....### #.#
#.####### #.#
#.......# #.#
#######.# #.# ###
......#.# #.###...
......#.######..#...


You could see Ijyb.

Vanquished Creatures
  Sigmund (D:2)
  2 adders
  A dart slug (D:1)
  7 ball pythons
  4 bats
  3 endoplasms
  A giant cockroach (D:2)
  2 goblins
  6 hobgoblins
  3 quokkas
  A frilled lizard (D:2)
  5 kobolds (D:1)
  2 rats (D:1)
38 creatures vanquished.

Notes
Turn   | Place    | Note
-------+----------+-------------------------------------------
     0 | D:1      | qw the Gargoyle Fighter began the quest for the Orb.
     0 | D:1      | Reached XP level 1. HP: 14/14 MP: 1/1
     0 | D:1      | 0 ||| qw: Version: 0.2-a-13-gfc7b4b4
     0 | D:1      | 0 ||| qw: Game counter: 1819
     0 | D:1      | 0 ||| qw: Always use a shield: true
     0 | D:1      | 0 ||| qw: God list: Okawaru
     0 | D:1      | 0 ||| qw: Allow faded altars: false
     0 | D:1      | 0 ||| qw: Do Orc after D:15 true
     0 | D:1      | 0 ||| qw: Do second Lair branch before Depths: true
     0 | D:1      | 0 ||| qw: Lair rune preference: random
     0 | D:1      | 0 ||| qw: Plans: Normal, Zot:1-4, God:TSO, Crypt, Tomb,
                  | Pan, Slime:5, Hells, Abyss, Orb
     0 | D:1      | 0 ||| PLANNING D:1-11
    28 | D:1      | 28 ||| Stepping ~*~*~tactically~*~*~ (stealth).
   102 | D:1      | Reached XP level 2. HP: 19/19 MP: 2/2
   159 | D:1      | 159 ||| Stepping ~*~*~tactically~*~*~ (stealth).
   160 | D:1      | 160 ||| Stepping ~*~*~tactically~*~*~ (stealth).
   169 | D:1      | 169 ||| Stepping ~*~*~tactically~*~*~ (stealth).
   193 | D:1      | 193 ||| DROPPING +0 club.
   341 | D:1      | Reached skill level 3 in Axes
   559 | D:1      | 559 ||| UPGRADING to +0 plate armour.
   569 | D:1      | 569 ||| DROPPING +0 scale mail.
   570 | D:1      | 570 ||| READING scroll labelled HUREUZXETE.
   571 | D:1      | 571 ||| READING scroll labelled YHIULE MUJY.
   572 | D:1      | 572 ||| READING scroll labelled YMESIE VAOSO.
   573 | D:1      | 573 ||| READING scroll labelled JUNECH GACOAS.
   574 | D:1      | 574 ||| DRINKING 2 fizzy green potions.
   616 | D:2      | Reached XP level 3. HP: 23/23 MP: 3/3
   642 | D:2      | 642 ||| Stepping ~*~*~tactically~*~*~ (stealth).
   682 | D:2      | Found Hoastro's Distillery.
   690 | D:2      | 690 ||| BUYING potion of curing (36 gold).
   690 | D:2      | Bought a potion of curing for 36 gold pieces
   690 | D:2      | 690 ||| SHOPLISTING potion of haste (120 gold, have 49).
   690 | D:2      | 690 ||| BUYING potion of lignification (36 gold).
   690 | D:2      | Bought a potion of lignification for 36 gold pieces
   696 | D:2      | Noticed Sigmund
   697 | D:2      | 697 ||| FLEEEEING.
   698 | D:2      | 698 ||| FLEEEEING.
   699 | D:2      | 699 ||| FLEEEEING.
   700 | D:2      | 700 ||| FLEEEEING.
   701 | D:2      | 701 ||| FLEEEEING.
   702 | D:2      | 702 ||| FLEEEEING.
   703 | D:2      | 703 ||| STAIRDANCE
   727 | D:1      | 727 ||| READING scroll labelled GOFYED ZIUWNET.
   735 | D:2      | HP: 4/23 [Sigmund/+0 scythe (7)]
   738 | D:2      | HP: 1/23 [Sigmund/+0 scythe (4)]
   743 | D:2      | Killed Sigmund
   744 | D:2      | Reached skill level 3 in Throwing
   744 | D:2      | Reached XP level 4. HP: 3/28 MP: 4/4
   744 | D:2      | Reached XP level 5. HP: 4/32 MP: 5/5
  1147 | D:2      | 1147 ||| UPGRADING to ring of protection from fire.
  1148 | D:2      | 1148 ||| DRINKING 2 dark potions.
  1149 | D:2      | 1149 ||| DRINKING 2 red potions.
  1150 | D:2      | 1150 ||| DROPPING potion of brilliance.
  1151 | D:2      | 1151 ||| DROPPING potion of flight.
  1190 | D:3      | 1190 ||| STAIRDANCE
  1192 | D:3      | 1192 ||| Stepping ~*~*~tactically~*~*~ (stealth).
  1215 | D:3      | Found a faded altar of an unknown god.
  1313 | D:3      | 1313 ||| Stepping randomly (stuck).
  1315 | D:3      | 1315 ||| Stepping randomly (stuck).
  1316 | D:3      | 1316 ||| Stepping randomly (stuck).
  1319 | D:3      | 1319 ||| Stepping randomly (stuck).
  1320 | D:3      | 1320 ||| Stepping randomly (stuck).
  1321 | D:3      | 1321 ||| Stepping randomly (stuck).
  1323 | D:3      | 1323 ||| Stepping randomly (stuck).
  1325 | D:3      | 1325 ||| Stepping randomly (stuck).
  1326 | D:3      | 1326 ||| Stepping randomly (stuck).
  1327 | D:3      | 1327 ||| Stepping randomly (stuck).
  1328 | D:3      | 1328 ||| Stepping randomly (stuck).
  1329 | D:3      | 1329 ||| Stepping randomly (stuck).
  1330 | D:3      | 1330 ||| Stepping randomly (stuck).
  1331 | D:3      | 1331 ||| Stepping randomly (stuck).
  1332 | D:3      | 1332 ||| Stepping randomly (stuck).
  1333 | D:3      | 1333 ||| Stepping randomly (stuck).
  1334 | D:3      | 1334 ||| Stepping randomly (stuck).
  1335 | D:3      | 1335 ||| Stepping randomly (stuck).
  1336 | D:3      | 1336 ||| Stepping randomly (stuck).
  1337 | D:3      | 1337 ||| Stepping randomly (stuck).
  1339 | D:3      | 1339 ||| Stepping randomly (stuck).
  1340 | D:3      | 1340 ||| Stepping randomly (stuck).
  1341 | D:3      | 1341 ||| Stepping randomly (stuck).
  1342 | D:3      | 1342 ||| Stepping randomly (stuck).
  1343 | D:3      | 1343 ||| Stepping randomly (stuck).
  1345 | D:3      | 1345 ||| Stepping randomly (stuck).
  1347 | D:3      | 1347 ||| Stepping randomly (stuck).
  1349 | D:3      | 1349 ||| Stepping randomly (stuck).
  1351 | D:3      | 1351 ||| Stepping randomly (stuck).
  1353 | D:3      | 1353 ||| Stepping randomly (stuck).
  1355 | D:3      | 1355 ||| Stepping randomly (stuck).
  1357 | D:3      | 1357 ||| Stepping randomly (stuck).
  1359 | D:3      | 1359 ||| Stepping randomly (stuck).
  1361 | D:3      | 1361 ||| Stepping randomly (stuck).
  1363 | D:3      | 1363 ||| Stepping randomly (stuck).
  1365 | D:3      | 1365 ||| Stepping randomly (stuck).
  1367 | D:3      | 1367 ||| Stepping randomly (stuck).
  1368 | D:3      | 1368 ||| Stepping randomly (stuck).
  1369 | D:3      | 1369 ||| Stepping randomly (stuck).
  1370 | D:3      | 1370 ||| Stepping randomly (stuck).
  1371 | D:3      | 1371 ||| Stepping randomly (stuck).
  1372 | D:3      | 1372 ||| Stepping randomly (stuck).
  1373 | D:3      | 1373 ||| Stepping randomly (stuck).
  1374 | D:3      | 1374 ||| Stepping randomly (stuck).
  1375 | D:3      | 1375 ||| Stepping randomly (stuck).
  1376 | D:3      | 1376 ||| Stepping randomly (stuck).
  1377 | D:3      | 1377 ||| Stepping randomly (stuck).
  1379 | D:3      | 1379 ||| Stepping randomly (stuck).
  1381 | D:3      | 1381 ||| Stepping randomly (stuck).
  1383 | D:3      | 1383 ||| Stepping randomly (stuck).
  1385 | D:3      | 1385 ||| Stepping randomly (stuck).
  1387 | D:3      | 1387 ||| Stepping randomly (stuck).
  1388 | D:3      | 1388 ||| Stepping randomly (stuck).
  1389 | D:3      | 1389 ||| Stepping randomly (stuck).
  1390 | D:3      | 1390 ||| Stepping randomly (stuck).
  1391 | D:3      | 1391 ||| Stepping randomly (stuck).
  1392 | D:3      | 1392 ||| Stepping randomly (stuck).
  1393 | D:3      | 1393 ||| Stepping randomly (stuck).
  1394 | D:3      | 1394 ||| Stepping randomly (stuck).
  1395 | D:3      | 1395 ||| Stepping randomly (stuck).
  1396 | D:3      | 1396 ||| Stepping randomly (stuck).
  1397 | D:3      | 1397 ||| Stepping randomly (stuck).
  1398 | D:3      | 1398 ||| Stepping randomly (stuck).
  1399 | D:3      | 1399 ||| Stepping randomly (stuck).
  1400 | D:3      | 1400 ||| Stepping randomly (stuck).
  1410 | D:3      | Noticed Ijyb
  1431 | D:3      | HP: 5/32 [Ijyb/+0 club (4)]
  1432 | D:3      | HP: 2/32 [Ijyb/+0 club (3)]
  1437 | D:3      | Slain by Ijyb

Levels and vault maps discovered:
D:1:      dpeg_arrival_simpleton_b, layout_rooms, minmay_hexomino_u4
D:2:      layout_rooms, serial_shops, shop, uniq_sigmund
D:3:      layout_rooms, mainiacjoe_overflow_boulevard, serial_co_window_serial,
          co_window_corner_a, co_window_paths_a, co_window_paths_b,
          co_window_paths_b, co_window_paths_a, co_window_paths_a,
          co_window_corner_a, co_window_of_opportunity_b, co_window_corner_b,
          co_window_broadway_a, co_window_broadway_a,
          co_window_of_opportunity_b, co_window_broadway_a, glass_columns_c,
          glass_columns_a, glass_columns_a, glass_columns_b,
          nicolae_ecumenical_snake_handling, uniq_ijyb

Skill      XL: |  1  2  3 |
---------------+----------+-----
Axes           | 2 3 |  3.4
Throwing       | 3 |  3.9
Fighting       | |  3.2
Armour         | |  3.2
Shields        | |  3.2

Action                   |  1- 3 |  4- 6 || total
-------------------------+-------+-------++-------
Melee: War axe           |    62 |    21 ||    83
       Unarmed           |       |    25 ||    25
Throw: Javelin           |    16 |    12 ||    28
       Boomerang         |     2 |     2 ||     4
  Use: Scroll            |     5 |       ||     5
       Potion            |     1 |     2 ||     3
Armor: Scale mail        |    18 |       ||    18
       Plate armour      |    12 |    18 ||    30
Dodge: Dodged            |    15 |    18 ||    33
Block: Buckler           |     9 |     2 ||    11

Table legend:
 A = Non-vault XP
 B = Vault XP
 C = Vault XP percentage of total XP
 D = Non-vault monster count
 E = Vault monster count
 F = Vault count percentage of total count
                 A         B        C        D         E       F
            +---------+---------+-------+---------+---------+-------
      Total |      72 |     240 |  76.9 |      29 |       9 |  23.7
            +---------+---------+-------+---------+---------+-------
        D:1 |      24 |       8 |  25.0 |      14 |       4 |  22.2
        D:2 |      34 |     226 |  86.9 |      13 |       1 |   7.1
        D:3 |      14 |       6 |  30.0 |       2 |       4 |  66.7
            +---------+---------+-------+---------+---------+-------
